 Dungeon Crawl Stone Soup version 0.21.1-1-g345015fe64 (webtiles) character file.

2377 Gargoyl the Schismatic (level 9, 0/75 HPs)
             Began as a Centaur Abyssal Knight on May 28, 2018.
             Was an Elder of Lugonu.
             Slain by a two-headed ogre
             ... wielding a +0 giant club
              (17 damage)
             ... on level 8 of the Dungeon.
             The game lasted 00:13:18 (8341 turns).

Gargoyl the Schismatic (Centaur Abyssal Knight)     Turns: 8341, Time: 00:13:18

Health: 0/75       AC: 16    Str: 17    XL:     9   Next: 21%
Magic:  13/13      EV:  5    Int: 10    God:    Lugonu [****..]
Gold:   542        SH:  9    Dex: 10    Spells: 8/8 levels left

rFire    . . .     SeeInvis +   n - +3 morningstar of the Sky {crush, rN+ Int-5 SInv}
rCold    . . .     Gourm    .   i - +1 shield
rNeg     + + .     Faith    .   r - +4 plate armour of Gulino {rN+ MR+ Int+4}
rPois    +         Spirit   .   b - +0 helmet
rElec    .         Reflect  .   (no cloak)
rCorr    .         Harm     .   B - +0 pair of gloves
MR       +....                  (no barding)
Stlth    ..........             (no amulet)
HPRegen  0.22/turn              l - ring of poison resistance
MPRegen  0.13/turn              p - +4 ring of evasion

@: very quick
A: large, hooves 3, deformed body, speed 2, tough skin 3
a: Depart the Abyss, Bend Space, Banish, Corrupt, Renounce Religion


You were on level 8 of the Dungeon.
You worshipped Lugonu.
Lugonu was greatly pleased with you.
You were not hungry.

You visited 1 branch of the dungeon, and saw 8 of its levels.
You visited the Abyss 1 time.

You collected 542 gold pieces.

Inventory:

Hand Weapons
 a - a +2 hand axe
 n - the +3 morningstar of the Sky (weapon) {crush, rN+ Int-5 SInv}
   (You found it on level 4 of the Dungeon)

   It inflicts extra damage upon your enemies.
   It affects your intelligence (-5).
   It protects you from negative energy.
   It lets you see invisible.
Missiles
 j - 7 javelins (quivered)
 m - 2 tomahawks
Armour
 b - a +0 helmet (worn)
 i - a +1 shield (worn)
 r - the +4 plate armour of Gulino (worn) {rN+ MR+ Int+4}
   (You found it on level 4 of the Dungeon)

   It affects your intelligence (+4).
   It protects you from negative energy.
   It affects your resistance to hostile enchantments.
 B - a +0 pair of gloves (worn)
Jewellery
 l - a ring of poison resistance (left hand)
 p - a +4 ring of evasion (right hand)
 s - an uncursed ring of see invisible
 z - an uncursed ring of resist corrosion
Wands
 o - a wand of disintegration (12)
 u - a wand of random effects (31)
 y - a wand of enslavement (9)
 A - a wand of flame (23)
Scrolls
 f - 4 scrolls of remove curse
 h - 2 scrolls of teleportation
 k - 5 scrolls of identify
 t - a scroll of magic mapping
 v - 3 scrolls of amnesia
Potions
 e - 5 potions of curing
 g - a potion of resistance
 q - a potion of berserk rage
 w - a potion of ambrosia
 x - a potion of heal wounds
 D - 2 potions of agility
Books
 C - a book of Misfortune

   Spells                             Type                      Level
   a - Confusing Touch                Hexes                        1
   b - Confuse                        Hexes                        3
   c - Gell's Gravitas                Translocation                3
   d - Petrify                        Transmutation/Earth          4
   e - Metabolic Englaciation         Hexes/Ice                    5
   f - Yara's Violent Unravelling     Hexes/Transmutation          5
Miscellaneous
 d - a sack of spiders
Comestibles
 c - 10 rations


   Skills:
 + Level 5.7 Fighting
 + Level 2.8(4.3) Axes
 + Level 5.2(5.5) Maces & Flails
 + Level 0.4 Throwing
 * Level 4.9 Armour
 + Level 1.8 Dodging
 + Level 2.6 Shields
 * Level 6.0 Invocations
 + Level 0.2 Evocations


You had 8 spell levels left.
You didn't know any spells.

Dungeon Overview and Level Annotations

Branches:
Dungeon (8/15)             Temple (0/1) D:6
   Lair: D:8-11

Altars:
Dithmenos
Xom

Shops:
D:8 %


Innate Abilities, Weirdness & Mutations

You have hooves in place of feet.
Armour fits poorly on your strangely shaped body.
You cover ground very quickly.
You have extremely tough skin. (AC +3)


Message History

The orc wizard gestures wildly while chanting.
The orc wizard blinks!
The two-headed ogre hits you with a giant club!
The two-headed ogre hits you with a giant club.
Your shield and plate armour of Gulino prevent you from hitting the two-headed ogre.
The two-headed ogre is moderately wounded.
The two-headed ogre hits you with a giant club.
The two-headed ogre barely misses you.
Your plate armour of Gulino prevents you from hitting the two-headed ogre.
The two-headed ogre is moderately wounded.
The two-headed ogre hits you with a giant club!!
The two-headed ogre hits you with a giant club!
* * * LOW HITPOINT WARNING * * *
Unknown command.
You puncture the two-headed ogre!
You kick the two-headed ogre, but do no damage.
The two-headed ogre is severely wounded.
The two-headed ogre closely misses you.
The two-headed ogre hits you with a giant club!
You die...

########## ....$....#
........o###########
.......ooO@........##
.....∩..o########...#####
.........................
.........#####.#.....###.#
.........# #...#.#..##.#
.........# #.#.###..##.#
.........# #.#......##.#
####..#### #.###....##.#
##### #.# ###..##.#


You could see a two-headed ogre, 3 orc wizards and an orc.

Vanquished Creatures
  A hippogriff (D:3)
  Eustachio (D:4)
  Duvessa (D:7)
  The ghost of tobi4572 the Sneak, an amateur SpAs (D:4)
  An orc warrior (D:7)
  3 ogres
  A phantom (D:5)
  A centaur (D:5)
  4 bullfrogs
  Dowan (D:7)
  2 scorpions
  4 crimson imps
  A jelly (D:6)
  A bullfrog zombie (D:5)
  A centaur skeleton (D:7)
  A hound (D:6)
  3 orc priests
  4 orc wizards
  2 iguanas (D:6)
  2 worker ants
  A worker ant zombie (D:6)
  15 adders
  2 shadow imps
  An ooze (D:4)
  3 adder skeletons
  3 worms
  5 dart slugs
  2 leopard geckos
  20 orcs
  6 giant cockroaches
  8 goblins
  7 hobgoblins
  9 jackals
  3 quokkas
  A ball python (D:2)
  10 bats
  6 frilled lizards
  3 kobolds (D:2)
  A leopard gecko skeleton (D:7)
  5 rats
147 creatures vanquished.

Vanquished Creatures (collateral kills)
  An ice dragon skeleton (Abyss:2)
1 creature vanquished.

Grand Total: 148 creatures vanquished

Notes
Turn   | Place    | Note
-------+----------+-------------------------------------------
     0 | Abyss:1  | Gargoyl the Centaur Abyssal Knight began the quest for the Orb.
     0 | Abyss:1  | Reached XP level 1. HP: 19/19 MP: 2/2
   181 | Abyss:1  | Noticed a worldbinder
   186 | Abyss:1  | Noticed a tarantella
   270 | Abyss:2  | Noticed an ice dragon skeleton
   285 | Abyss:2  | Killed an ice dragon skeleton
   285 | Abyss:2  | Reached XP level 2. HP: 27/27 MP: 3/3
   285 | Abyss:2  | Reached XP level 3. HP: 33/33 MP: 4/4
   285 | Abyss:2  | Reached XP level 4. HP: 40/40 MP: 5/5
   308 | Abyss:2  | Noticed a small abomination
   336 | Abyss:2  | Noticed a raiju
   337 | D:1      | Escaped the Abyss
   873 | D:1      | Reached * piety under Lugonu
  1652 | D:2      | Reached XP level 5. HP: 47/47 MP: 6/6
  2414 | D:3      | Reached ** piety under Lugonu
  2414 | D:3      | Reached skill level 3 in Invocations
  2509 | D:2      | Found a shimmering altar of Xom.
  2667 | D:3      | Noticed a hippogriff
  2712 | D:4      | Got an ivory morningstar
  2713 | D:4      | Identified the +3 morningstar of the Sky {crush, rN+ Int-5 SInv} (You found it on level 4 of the Dungeon)
  2796 | D:4      | Noticed tobi4572's ghost (amateur SpAs)
  2834 | D:5      | Entered Level 5 of the Dungeon
  3326 | D:3      | Reached skill level 1 in Dodging
  3366 | D:3      | Killed a hippogriff
  3366 | D:3      | Reached skill level 1 in Maces & Flails
  3366 | D:3      | Reached XP level 6. HP: 6/53 MP: 8/8
  4670 | D:4      | Reached XP level 7. HP: 50/60 MP: 9/9
  4859 | D:4      | Reached skill level 1 in Shields
  5082 | D:4      | Killed tobi4572's ghost
  5082 | D:4      | Reached skill level 4 in Invocations
  5298 | D:4      | Got a fine plate armour
  5309 | D:4      | Identified the +4 plate armour of Gulino {rN+ MR+ Int+4} (You found it on level 4 of the Dungeon)
  5403 | D:4      | Reached *** piety under Lugonu
  5586 | D:4      | Noticed Eustachio
  5608 | D:4      | Killed Eustachio
  5739 | D:5      | Reached XP level 8. HP: 67/67 MP: 11/11
  5776 | D:5      | Reached skill level 5 in Fighting
  5812 | D:5      | Found a shadowy altar of Dithmenos.
  6759 | D:6      | Reached skill level 5 in Invocations
  7068 | D:6      | Found a staircase to the Ecumenical Temple.
  7518 | D:7      | Noticed Duvessa
  7519 | D:7      | Noticed Dowan
  7527 | D:7      | Killed Duvessa
  7527 | D:7      | Reached XP level 9. HP: 61/74 MP: 13/13
  7538 | D:7      | Killed Dowan
  7541 | D:7      | Reached skill level 5 in Maces & Flails
  7684 | D:7      | Reached **** piety under Lugonu
  8320 | D:8      | Found Emano's Food Shoppe.
  8323 | D:8      | Noticed a two-headed ogre
  8326 | D:8      | Reached skill level 6 in Invocations
  8341 | D:8      | Slain by a two-headed ogre

Skill      XL: |  1  2  3  4  5  6  7  8  9 |
---------------+----------------------------+-----
Fighting       | 4 5 |  5.7
Axes           | 2 |  2.8
Armour         | 2 3 4 |  4.9
Invocations    | 3 4 5 6 |  6.0
Dodging        | 1 |  1.8
Maces & Flails | 1 3 4 5 |  5.2
Shields        | 1 2 |  2.6
Throwing       | |  0.4
Evocations     | |  0.2

Action                   |  1- 3 |  4- 6 |  7- 9 || total
-------------------------+-------+-------+-------++-------
Melee: Hand axe          |       |   170 |       ||   170
       Kick              |       |    54 |    36 ||    90
       Morningstar       |       |   113 |   225 ||   338
Throw: Javelin           |       |     6 |     2 ||     8
Invok: Depart the Abyss  |       |     1 |       ||     1
       Bend Space        |       |     3 |       ||     3
Evoke: Sack of spiders   |     3 |     3 |       ||     6
  Use: Scroll            |     2 |     5 |     7 ||    14
       Potion            |     1 |     2 |     1 ||     4
  Eat: Chunk             |       |     9 |     9 ||    18
       Ration            |       |       |     1 ||     1
Armor: Scale mail        |       |   196 |    27 ||   223
       Plate armour      |       |       |   122 ||   122
Dodge: Dodged            |       |    70 |    61 ||   131
Block: Shield            |       |    92 |   110 ||   202
